 Dungeon Crawl Stone Soup version 0.21-a0-110-g8e1637b (webtiles) character file.

236 tilp the Firebug (level 6, -9/45 HPs)
             Began as a Hill Orc Fire Elementalist on July 9, 2017.
             Was an Initiate of Okawaru.
             Mangled by Blork the orc
             ... wielding a +0 glaive
              (10 damage)
             ... on level 4 of the Dungeon.
             The game lasted 00:09:57 (4130 turns).

tilp the Firebug (Hill Orc Fire Elementalist)       Turns: 4130, Time: 00:09:58

Health: -9/45      AC:  3    Str: 11    XL:     6   Next: 6%
Magic:  7/10       EV: 11    Int: 17    God:    Okawaru [......]
Gold:   226        SH:  0    Dex: 11    Spells: 4/10 levels left

rFire    . . .     SeeInvis .   e - +0 short sword
rCold    . . .     Gourm    .   (no shield)
rNeg     . . .     Faith    .   v - +0 leather armour
rPois    .         Spirit   .   (no helmet)
rElec    .         Reflect  .   (no cloak)
rCorr    .         Harm     .   (no gloves)
MR       .....                  (no boots)
Stlth    +.........             (no amulet)
HPRegen  0.15/turn              (no ring)
MPRegen  0.12/turn              (no ring)

@: no status effects
A: no striking features
a: Renounce Religion


You were on level 4 of the Dungeon.
You worshipped Okawaru.
Okawaru was noncommittal.
You were not hungry.

You visited 2 branches of the dungeon, and saw 5 of its levels.

You collected 226 gold pieces.

Inventory:

Hand Weapons
 d - a +0 club
 e - a +0 short sword (weapon)
 A - a cursed -3 whip
Missiles
 h - 35 stones
 q - a throwing net (quivered)
Armour
 a - a +0 robe
 v - a +0 leather armour (worn)
Jewellery
 l - an uncursed ring of magical power {unknown}
Wands
 s - a wand of enslavement (17/24)
 w - a wand of random effects (13/48)
 y - a wand of disintegration (7/24)
Scrolls
 c - a scroll of noise {unknown}
 g - a scroll of immolation {unknown}
 j - 3 scrolls of identify
 k - 3 scrolls of remove curse
 m - a scroll of magic mapping {unknown}
 n - 2 scrolls of random uselessness {unknown}
 o - a scroll of recharging {unknown}
 x - a scroll of fog {unknown}
Potions
 f - a potion of might {unknown}
 p - a potion of brilliance {unknown}
 u - a potion of degeneration {unknown}
Books
 b - a book of Flames

   Spells                             Type                      Level
   a - Flame Tongue                   Conjuration/Fire             1
   b - Throw Flame                    Conjuration/Fire             2
   c - Conjure Flame                  Conjuration/Fire             3
   d - Inner Flame                    Hexes/Fire                   3
   e - Sticky Flame                   Conjuration/Fire             4
   f - Fireball                       Conjuration/Fire             5
Comestibles
 i - a bread ration
 r - 3 royal jellies
 t - a fruit
 z - 3 chunks of flesh


   Skills:
 - Level 1.5 Dodging
 - Level 1.5 Stealth
 - Level 2.8 Spellcasting
 - Level 3.6 Conjurations
 + Level 4.9 Fire Magic


You had 4 spell levels left.
You knew the following spells:

 Your Spells              Type           Power        Failure   Level  Hunger
a - Flame Tongue          Conj/Fire      ###..        4%          1    #......
b - Throw Flame           Conj/Fire      ###...       6%          2    ##.....
c - Conjure Flame         Conj/Fire      ###.....     12%         3    ###....


Dungeon Overview and Level Annotations

Branches:
Dungeon (4/15)             Temple (1/1) D:4

Altars:
Ashenzari
Cheibriados
Dithmenos
Elyvilon
Fedhas
Gozag
Hepliaklqana
Kikubaaqudgha
Makhleb
Nemelex Xobeh
Okawaru
Qazlal
Ru
Sif Muna
Trog
Vehumet
Wu Jian
Xom
Yredelemnul
Zin
The Shining One

Annotations:
D:4 Blork the orc


Message History

You have reached level 6!
Your experience leads to an increase in your attributes!
Increase (S)trength, (I)ntelligence, or (D)exterity?
You feel clever. Something hits you!
* * * LOW HITPOINT WARNING * * *
The leopard gecko misses you.
You see here a spear.
Something hits you!
* * * LOW HITPOINT WARNING * * *
Unknown command.
Okay, then.
A hound skeleton comes into view.
The leopard gecko bites you.
* * * LOW HITPOINT WARNING * * *
As you read the scroll labeled ZIZUES FONEEH, it crumbles to dust.
It is a scroll of identify.
k - 3 scrolls of remove curse Something hits you!
You die...

...###................
...............#......
.#.#.#.#.#.#.#†##.#...
.............#.#..#...
.#.......#.....#.## ..
.............#...#
.#...>...#..###)##
...........##..l##
.#.......#....#.@#
.............###.#
.#.#.#.#.#...# #..#
............## ##.#
......###...# .#
....#.# ##### ..
...#..# ... .....###
.Z. .......#


You could see a leopard gecko and a hound skeleton (dormant).

Vanquished Creatures
  A hound (D:4)
  A bullfrog skeleton (D:4)
  An iguana (D:4)
  3 gnolls (D:4)
  4 adders
  2 oozes (D:1)
  A worm (D:3)
  4 dart slugs
  5 leopard geckos
  A ball python (D:3)
  7 bats
  A giant cockroach (D:4)
  7 goblins
  8 hobgoblins
  3 jackals (D:4)
  8 kobolds
  A frilled lizard (D:3)
  10 rats
68 creatures vanquished.

Notes
Turn   | Place    | Note
-------+----------+-------------------------------------------
     0 | D:1      | tilp the Hill Orc Fire Elementalist began the quest for the Orb.
     0 | D:1      | Reached XP level 1. HP: 14/14 MP: 3/3
   144 | D:1      | Reached XP level 2. HP: 7/20 MP: 0/5
   695 | D:1      | Reached XP level 3. HP: 21/26 MP: 6/6
   923 | D:1      | Found a shattered altar of Ashenzari.
  1130 | D:2      | Learned a level 2 spell: Throw Flame
  1134 | D:2      | Learned a level 3 spell: Conjure Flame
  1979 | D:3      | Reached XP level 4. HP: 33/33 MP: 5/8
  2219 | D:3      | Found an opulent altar of Gozag.
  3475 | D:4      | Reached XP level 5. HP: 16/38 MP: 0/9
  3491 | D:4      | Found a staircase to the Ecumenical Temple.
  3517 | Temple   | Entered the Ecumenical Temple
  3591 | Temple   | Became a worshipper of Warmaster Okawaru
  3987 | D:4      | Reached skill level 4 in Fire Magic
  4110 | D:4      | Noticed Blork the orc
  4124 | D:4      | Reached XP level 6. HP: 25/45 MP: 6/10
  4128 | D:4      | HP: 1/45 [something (11)]
  4130 | D:4      | Mangled by Blork the orc

Vault maps used:
D:1:      saegor_arrival_simple_d, st_stairs_9, ashenzari_altar_1
D:2:      first_bread
D:3:      nicolae_gozag_cash_rules_everything_around_me
D:4:      minmay_temple_entry_glass, serial_shops, shop, uniq_blork_the_orc
Temple:   compressed_dpeg_triangle_lava_temple

Skill      XL: |  1  2  3  4  5 |
---------------+----------------+-----
Spellcasting   | 2 |  2.8
Conjurations   | 2 3 |  3.6
Fire Magic     | 4 |  4.9
Dodging        | |  1.5
Stealth        | |  1.5

Action                   |  1- 3 |  4- 6 || total
-------------------------+-------+-------++-------
Melee: Club              |    11 |       ||    11
       Short sword       |    46 |    61 ||   107
Throw: Stone             |    18 |       ||    18
 Cast: Flame Tongue      |    43 |    58 ||   101
       Throw Flame       |       |     6 ||     6
  Use: Scroll            |       |     1 ||     1
  Eat: Bread ration      |     1 |       ||     1
       Chunk             |       |     5 ||     5
       Meat ration       |       |     1 ||     1
Armor: Robe              |     8 |     4 ||    12
       Leather armour    |       |    13 ||    13
Dodge: Dodged            |    42 |    61 ||   103
